 Dungeon Sprint DCSS version 0.27-a0-1051-g288ea87c7c (webtiles) character file.

Game seed: 16986092549033082886

333 mhtbhm the Arsonist (level 6, -20/32 HPs)
             Began as a Deep Elf Fire Elementalist on Apr 20, 2021.
             Was a Priest of Vehumet.
             Killed from afar by a deep elf zephyrmancer (25 damage)
             ... with a bolt of lightning
             ... in the Dungeon (Sprint V: "Ziggurat Sprint").
             The game lasted 00:02:22 (163 turns).

mhtbhm the Arsonist (Deep Elf Fire Elementalist)     Turns: 163, Time: 00:02:23

Health: -20/32     AC:  5    Str:  5    XL:     6   Next: 27%
Magic:  9/19       EV: 15    Int: 34    God:    Vehumet [***...]
Gold:   0          SH:  0    Dex: 15    Spells: 5/21 levels left

rFire    + . .     SeeInvis .   C - +8 lance "Wyrmbane" {slay drac, rPois rF+ rC+ AC+3}
rCold    + . .     Faith    .   (no shield)
rNeg     . . .     Spirit   .   a - +0 robe
rPois    +         Reflect  .   (no helmet)
rElec    .         Harm     .   (no cloak)
rCorr    .         Rampage  .   (no gloves)
Will     .....     NoTele   +   (no boots)
Stlth    +.........             (no amulet)
HPRegen  0.10/turn              x - +6 ring of intelligence
MPRegen  0.16/turn              y - +6 ring of intelligence

@: confused
A: no striking features
a: Renounce Religion


You were in the Dungeon.
You worshipped Vehumet.
Vehumet was most pleased with you.
You visited 1 branch

Inventory:

Hand Weapons
 C - the +8 lance "Wyrmbane" (weapon) {slay drac, rPois rF+ rC+ AC+3}
   (You found it in the Dungeon)

   It affects your AC (+3).
   It protects you from fire.
   It protects you from cold.
   It protects you from poison.
Armour
 a - a +0 robe (worn)
Jewellery
 x - a +6 ring of intelligence (left hand)
 y - a +6 ring of intelligence (right hand)
Wands
 r - a wand of mindburst (7)
 s - a wand of iceblast (1)
 t - a wand of acid (6)
Scrolls
 h - 3 scrolls of blinking
 m - 4 scrolls of amnesia
 n - 7 scrolls of fog
 o - a scroll of holy word
 p - 5 scrolls of identify
 q - 2 scrolls of fear
Potions
 b - 2 potions of brilliance
 c - 10 potions of curing
 d - 10 potions of heal wounds
 e - 6 potions of haste
 f - 7 potions of magic
 g - 3 potions of berserk rage
 i - 2 potions of invisibility
 j - 4 potions of resistance
 k - a potion of experience
 l - 5 potions of might
Miscellaneous
 B - a lightning rod (4/4)


   Skills:
 + Level 6.1 Dodging
 + Level 5.7 Stealth
 + Level 8.2 Spellcasting
 + Level 1.8 Conjurations
 + Level 11.1 Fire Magic
 + Level 2.4 Evocations


You had 5 spell levels left.
You knew the following spells:

 Your Spells              Type           Power      Damage    Failure   Level
a - Foxfire               Conj/Fire      100%       2x1d9     1%          1
b - Conjure Flame         Conj/Fire      55%        6-21      1%          3
c - Inner Flame           Hex/Fire       51%        N/A       1%          3
d - Sticky Flame          Conj/Fire      55%        2d7       1%          4
e - Fireball              Conj/Fire      27%        3d12      1%          5

Your spell library contained the following spells:

 Spells                   Type           Power      Damage    Failure   Level
 Shock                    Conj/Air       80%        1d8       1%          1


Dungeon Overview and Level Annotations

Branches:
Dungeon (1/1)

Altars:
Ashenzari
Cheibriados
Dithmenos
Elyvilon
Fedhas
Gozag
Hepliaklqana
Kikubaaqudgha
Makhleb
Nemelex Xobeh
Okawaru
Qazlal
Ru
Sif Muna
Trog
Uskayaw
Vehumet
Wu Jian
Xom
Yredelemnul
Zin
The Shining One
Beogh
Jiyva
Lugonu

Annotations:
D 1 transporter


Message History

Unknown command.
Unknown command.
Unknown command.
Unknown command.
Press: ? - help, v - describe, . - travel
Here: a fire elemental (summoned)
The floor.
Blink to where?
Press: ? - help, Dir - move target
As you read the scroll of blinking, it crumbles to dust.
The deep elf archer gestures at you while chanting.
You struggle to resist.
The deep elf zephyrmancer gestures at you while chanting.
The bolt of lightning hits you!!
Ouch! That really hurt!
* * * LOW HITPOINT WARNING * * *
Unknown command.
Aiming: Mindburst
Press: ? - help, Shift-Dir - straight line, f - deep elf archer
Aim: a deep elf archer, wielding a +2 mace of draining, wearing a +0 leather armour and quivering arrows (severely wounded, repelling missiles, chance to affect: 25%)
Okay, then.
Aiming: Iceblast
Press: ? - help, Shift-Dir - straight line, f - fire elemental
Aim: a fire elemental (flame, severely damaged)
The mass of ice explodes!
The iceblast engulfs the fire elemental.
The fire elemental is almost destroyed.
The iceblast engulfs the deep elf archer.
The deep elf archer is severely wounded.
The iceblast engulfs the fire elemental!
The fire elemental is frozen!
The fire elemental is heavily damaged.
The iceblast engulfs the deep elf pyromancer!!
The deep elf pyromancer is almost dead.
The deep elf archer points at you and mumbles some strange words.
You are confused.
The deep elf zephyrmancer gestures at you while chanting.
The bolt of lightning hits you!!
Ouch! That really hurt!
You die...

▓.8©8.▓.8©8.▓.8©8
▓.))).▓.)|[.▓....
▓..)..▓.....▓...)
▓.....▓..†..▓..).
▓.....▓..†..▓....
▓.....▓.....▓..©.
▓..©..▓..©..▓▓▓▓▓
▓▓▓▓▓▓▓▓▓▓▓▓▓▓
▓@.8©8...▓
▓..}))..e▓
▓...)....▓
▓..EE....▓
▓..e○E...▓
▓.▓.°e○▓.▓
▓...§..☼.▓
▓▓▓▓▓▓▓▓▓▓


You could see a deep elf archer (repels missiles), a deep elf pyromancer, a deep
elf zephyrmancer and 3 fire elementals.

Vanquished Creatures
  2 hell hounds (D)
  2 crimson imps (D)
  An iron imp (D)
  2 adders (D)
  A ball python (D)
  A bat zombie (D)
9 creatures vanquished.

Vanquished Creatures (others)
  3 foxfires (D)
3 creatures vanquished.

Grand Total: 12 creatures vanquished

Notes
Turn   | Place    | Note
-------+----------+-------------------------------------------
     0 | D        | mhtbhm the Deep Elf Fire Elementalist began the quest for
                  | the Orb.
     0 | D        | Reached XP level 1. HP: 10/10 MP: 6/6
     0 | D        | Found a shimmering blue altar of Sif Muna.
     0 | D        | Found a bloodstained altar of Trog.
     0 | D        | Found a sacrificial altar of Ru.
     0 | D        | Found a stormy altar of Qazlal.
     0 | D        | Found an iron altar of Okawaru.
     1 | D        | Found a sparkling altar of Nemelex Xobeh.
     1 | D        | Found a blossoming altar of Fedhas.
     2 | D        | Found the +6 Majin-Bo {vamp, MP+6 Int+6}
     2 | D        | Found the +9 heavy crossbow "Sniper" {vorpal, Acc+∞ SInv}
     2 | D        | Found the +10 dark maul {vorpal}
     2 | D        | Found the +15 Maxwell's patent armour {-Cast -Tele rElec
                  | Will+ rCorr}
     2 | D        | Found the +18 shield of the Gong {rElec rN+ Will+ EV-5}
     2 | D        | Found the +14 obsidian axe {vorpal, Drain Fly SInv}
     2 | D        | Found the +7 great mace "Firestarter" {inner flame, rF++}
     2 | D        | Found the +6 shillelagh "Devastator" {shatter}
     2 | D        | Found the +11 plutonium sword {Contam Stlth-}
     2 | D        | Found the +8 lance "Wyrmbane" {slay drac, rPois rF+ rC+
                  | AC+3}
     2 | D        | Found the +9 sword of Zonguldrok {reap}
     2 | D        | Found the +13 scythe of Curses {drain, Drain}
     2 | D        | Found the +5 sword of Power {vorpal}
     2 | D        | Found the +7 mace of Variability {chain chaos}
     2 | D        | Found the +7 Singing Sword {vorpal, sonic wave}
     2 | D        | Found the +8 storm bow {elec, penet}
     3 | D        | Found a transporter.
     3 | D        | Found an ancient bone altar of Kikubaaqudgha.
     3 | D        | Found a viscous altar of Jiyva.
     3 | D        | Found a corrupted altar of Lugonu.
     3 | D        | Found a hazy altar of Hepliaklqana.
     3 | D        | Found a burning altar of Makhleb.
     3 | D        | Found an opulent altar of Gozag.
    39 | D        | Became a worshipper of Vehumet
    59 | D        | Entered arena 2.
    59 | D        | Noticed an iron imp
    59 | D        | Noticed a crimson imp
    59 | D        | Found a transporter.
    60 | D        | Killed a crimson imp
    61 | D        | Reached skill level 6 in Fire Magic
    61 | D        | Reached XP level 2. HP: 15/15 MP: 6/9
    61 | D        | Reached XP level 3. HP: 19/19 MP: 7/11
    61 | D        | Reached * piety under Vehumet
    61 | D        | Offered knowledge of Shock by Vehumet.
    62 | D        | Reached skill level 5 in Spellcasting
    99 | D        | Learned a level 3 spell: Conjure Flame
   103 | D        | Learned a level 3 spell: Inner Flame
   106 | D        | Entered arena 3.
   106 | D        | Found a transporter.
   108 | D        | Reached skill level 7 in Fire Magic
   108 | D        | Reached XP level 4. HP: 24/24 MP: 11/13
   136 | D        | Learned a level 4 spell: Sticky Flame
   138 | D        | Entered arena 4.
   138 | D        | Noticed a hell hound
   138 | D        | Noticed a hell hound
   138 | D        | Found a transporter.
   140 | D        | Reached ** piety under Vehumet
   141 | D        | Killed a hell hound
   142 | D        | Reached skill level 5 in Dodging
   142 | D        | Reached skill level 9 in Fire Magic
   142 | D        | Reached skill level 1 in Evocations
   142 | D        | Reached XP level 5. HP: 28/28 MP: 13/16
   142 | D        | Killed a hell hound
   142 | D        | Reached *** piety under Vehumet
   143 | D        | Reached skill level 5 in Stealth
   143 | D        | Reached skill level 11 in Fire Magic
   143 | D        | Reached XP level 6. HP: 32/32 MP: 17/19
   149 | D        | Learned a level 5 spell: Fireball
   158 | D        | Entered arena 5.
   158 | D        | Noticed a deep elf pyromancer
   158 | D        | Noticed a fire elemental
   158 | D        | Noticed a deep elf zephyrmancer
   158 | D        | Noticed a deep elf archer
   158 | D        | Found a transporter.
   159 | D        | Identified the +9 mace of Vadeyl {protect, rC+ SInv Stlth+}
   162 | D        | Noticed a fire elemental
   162 | D        | Noticed a fire elemental
   163 | D        | Killed from afar by a deep elf zephyrmancer

Illustrated notes

Levels and vault maps discovered:
D:        sprint_v [room_start, room_1, room_2, room_3, room_4, room_5, room_6,
          room_7, room_8, room_9, room_10, room_11, room_12, room_13, room_14,
          room_15, room_16, room_17, room_18, room_19, room_20, room_21,
          room_22, room_23, room_24, room_25, room_26, room_27]

Skill      XL: |  1  2  3  4  5 |
---------------+----------------+-----
Dodging        | 3 4 5 6 |  6.1
Stealth        | 3 4 5 |  5.7
Spellcasting   | 4 5 7 8 |  8.2
Fire Magic     | 6 7 9 11 | 11.1
Evocations     | 1 2 |  2.4
Conjurations   | |  1.8

Action                   |  1- 3 |  4- 6 || total
-------------------------+-------+-------++-------
 Cast: Foxfire           |       |     2 ||     2
       Fireball          |       |     2 ||     2
Evoke: Wand              |     3 |     4 ||     7
       Lightning rod     |       |     2 ||     2
  Use: Scroll            |       |     1 ||     1
Dodge: Dodged            |       |     2 ||     2

Table legend: (Time is in decaauts)
 A = Elapsed time spent in this place.
 B = Non-inter-level travel time spent in this place.
 C = Inter-level travel time spent in this place.
 D = Time resting spent in this place.
 E = Time spent auto-exploring this place.
 F = Levels seen in this place.
 G = Mean time per level.
                   A        B        C        D        E       F      G
               +--------+--------+--------+--------+--------+-----+--------+
         Total |    161 |    161 |      0 |     48 |      0 |   1 |  161.0 |
       Dungeon |    161 |    161 |      0 |     48 |      0 |   1 |  161.0 |
               +--------+--------+--------+--------+--------+-----+--------+

Top non-repeatable levels by time:
       D: 161 daAuts
